 Dungeon Crawl Stone Soup version 0.25-a0-513-ge77a692 (webtiles) character file.

Game seed: 1603525466103644515, levelgen mode: deterministic

429495 relicbr the Ruinous (level 22, -10/130 HPs)
             Began as a Deep Elf Conjurer on Feb 15, 2020.
             Was the Champion of Vehumet.
             Mangled by a titan (36 damage)
             ... on level 4 of the Vaults.
             The game lasted 04:44:24 (57879 turns).

relicbr the Ruinous (Deep Elf Conjurer)            Turns: 57879, Time: 04:44:25

Health: -10/130    AC: 17    Str: 18    XL:     22   Next: 81%
Magic:  31/57      EV: 19    Int: 29    God:    Vehumet [******]
Gold:   714        SH: 10    Dex: 17    Spells: 13/61 levels left

rFire    + + +     SeeInvis +   r - staff of energy
rCold    x . .     Gourm    .   k - +1 buckler {rC+}
rNeg     + . .     Faith    .   W - +5 steam dragon scales
rPois    .         Spirit   .   J - +2 helmet {SInv}
rElec    +         Reflect  +   w - +1 cloak "Ciguuzoc" {Str+3 Dex+2}
rCorr    .         Harm     .   n - +2 pair of gloves {Str+3}
MR       +++..                  f - +2 pair of boots "Zaonepre" {*Drain rN+ MR+ Str+3}
Stlth    ++........             F - +4 amulet of reflection
HPRegen  0.31/turn              u - ring "Kimiu" {Wiz rF+ Str+2}
MPRegen  0.35/turn              U - ring of Ofaicap {rElec rF+ MP+9}

@: immune to fire clouds, corroded
A: no striking features
}: 2/15 runes: serpentine, barnacled
a: Renounce Religion


You were on level 4 of the Vaults.
You worshipped Vehumet.
Vehumet was exalted by your worship.
You were not hungry.

You visited 8 branches of the dungeon, and saw 39 of its levels.
You also visited: Gauntlet, Volcano and Desolation.

You collected 4834 gold pieces.
You spent 4120 gold pieces at shops.

Inventory:

Armour
 f - the +2 pair of boots "Zaonepre" (worn) {*Drain rN+ MR+ Str+3}
   (You acquired it on level 2 of the Lair of Beasts)

   It affects your strength (+3).
   It protects you from negative energy.
   It affects your resistance to hostile enchantments.
   It causes draining when unequipped.
   If you remove this armour, your AC will decrease by 3 (17 -> 14).
 k - a +1 buckler of cold resistance (worn)
 n - a +2 pair of gloves of strength (worn)
 w - the +1 cloak "Ciguuzoc" (worn) {Str+3 Dex+2}
   (You found it on level 1 of the Vaults)

   It affects your strength (+3).
   It affects your dexterity (+2).
   If you remove this armour, your AC will decrease by 2 (17 -> 15).
 I - a +0 buckler of protection
 J - a +2 helmet of see invisible (worn)
 L - the +2 ratskin cloak {+Rats rPois rN+ Str-1 Int-1 Dex+1}
   (You found it on level 7 of the Dungeon)

   It affects your strength (-1).
   It affects your intelligence (-1).
   It affects your dexterity (+1).
   It protects you from poison.
   It protects you from negative energy.
   If you switch to wearing this armour, your AC will increase by 1 (17 -> 18).
 W - +5 steam dragon scales (worn)
Magical Staves
 r - an uncursed staff of energy (weapon)
Jewellery
 m - an uncursed ring of flight
 u - the ring "Kimiu" (left hand) {Wiz rF+ Str+2}
   (You found it in a Gauntlet)

   [ring of wizardry]

   It improves your spell success rate.
   It affects your strength (+2).
   It protects you from fire.
 z - an uncursed ring of fire
 B - the ring "Vopteiw" {Ice rElec SInv}
   (You found it on level 1 of the Vaults)

   [ring of ice]

   It enhances your ice magic.
   It makes you vulnerable to fire.
   It protects you from cold.
   It insulates you from electricity.
   It lets you see invisible.
 C - the ring "Hehuoj" {rElec Str-5 Int+3 Dex+4}
   (You bought it in a shop on level 2 of the Orcish Mines)

   [ring of dexterity]

   It affects your strength (-5).
   It affects your intelligence (+3).
   It affects your dexterity (+4).
   It insulates you from electricity.
 F - a +4 amulet of reflection (around neck)
 U - the ring of Ofaicap (right hand) {rElec rF+ MP+9}
   (You found it in the Desolation of Salt)

   [ring of magical power]

   It protects you from fire.
   It insulates you from electricity.
   It affects your magic capacity (+9).
Wands
 d - a wand of acid (7)
 p - a wand of paralysis (25)
 v - a wand of flame (26)
 y - a wand of digging (9)
 D - a wand of disintegration (20)
 G - a wand of iceblast (10)
Scrolls
 a - 13 scrolls of remove curse
 g - 2 scrolls of enchant armour
 i - 11 scrolls of magic mapping
 o - 9 scrolls of teleportation
 q - 2 scrolls of amnesia
 s - a scroll of brand weapon
 K - a scroll of fog
 P - 2 scrolls of fear
Potions
 b - 2 potions of resistance
 e - 5 potions of curing
 t - 6 potions of flight
 A - 4 potions of magic
 E - a potion of invisibility
 H - 3 potions of brilliance
 Q - 3 potions of haste
Miscellaneous
 h - a crystal ball of energy
Comestibles
 c - 59 rations
 j - 8 chunks of flesh


   Skills:
 - Level 11.0 Fighting
 - Level 10.0 Dodging
 - Level 2.4 Stealth
 - Level 4.0 Shields
 - Level 20.0 Spellcasting
 - Level 23.2 Conjurations
 - Level 10.1 Charms
 - Level 22.4 Fire Magic
 - Level 0.3 Ice Magic
 - Level 10.0 Earth Magic
 * Level 13.5 Evocations


You had 13 spell levels left.
You knew the following spells:

 Your Spells              Type           Power        Failure   Level  Hunger
a - Magic Dart            Conj           ####         0%          1    None
b - Searing Ray           Conj           ######       0%          2    None
c - Iskenderun's Battles  Conj/Chrm      #######.     1%          5    None
d - Fire Storm            Conj/Fire      ########..   1%          9    None
e - Lehudib's Crystal Sp  Conj/Erth      #######...   1%          8    None
f - Ring of Flames        Chrm/Fire      ########..   1%          7    None
h - Freezing Cloud        Conj/Ice/Air   ######....   1%          6    None
i - Swiftness             Chrm/Air       ######..     1%          2    None
j - Ignition              Fire           ########..   1%          8    None

Your spell library contained the following spells:

 Spells                   Type           Power        Failure   Level  Hunger
 Tornado                  Air            ####......   100%        9    None
 Foxfire                  Conj/Fire      ####         0%          1    None
 Sandblast                Erth           ######       0%          1    None
 Shock                    Conj/Air       ####         0%          1    None
 Conjure Flame            Conj/Fire      ########     0%          3    None
 Stone Arrow              Conj/Erth      ######       0%          3    None
 Sticky Flame             Conj/Fire      ########     0%          4    None
 Bolt of Magma            Conj/Fire/Erth ########..   0%          5    None
 Fireball                 Conj/Fire      ########..   0%          5    None
 Apportation              Tloc           ####..       1%          1    None
 Beastly Appendage        Tmut           ####..       1%          1    None
 Corona                   Hex            ####...      1%          1    None
 Freeze                   Ice            ####         1%          1    None
 Sting                    Tmut/Pois      ####         1%          1    None
 Summon Butterflies       Summ           ####....     1%          1    None
 Summon Small Mammal      Summ           ####         1%          1    None
 Corpse Rot               Necr/Air       N/A          1%          2    None
 Ensorcelled Hibernation  Hex/Ice        ####..       1%          2    None
 Passwall                 Tmut/Erth      ######..     1%          2    None
 Poisonous Vapours        Pois/Air       ####..       1%          2    None
 Sticks to Snakes         Tmut           ####....     1%          2    None
 Sublimation of Blood     Necr           ####......   1%          2    None
 Confusing Touch          Hex            ####....     1%          3    None
 Dazzling Flash           Conj/Hex       ######       1%          3    None
 Frozen Ramparts          Ice            ####..       1%          3    None
 Ignite Poison            Fire/Tmut/Pois #######.     1%          3    None
 Inner Flame              Hex/Fire       #######.     1%          3    None
 Lesser Beckoning         Tloc           ####......   1%          3    None
 Mephitic Cloud           Conj/Pois/Air  ######..     1%          3    None
 Ozocubu's Armour         Chrm/Ice       ######..     1%          3    None
 Spider Form              Tmut/Pois      ####......   1%          3    None
 Static Discharge         Conj/Air       #######.     1%          3    None
 Tukima's Dance           Hex            ####....     1%          3    None
 Airstrike                Air            ####......   1%          4    None
 Fulminant Prism          Conj/Hex       #######...   1%          4    None
 Hailstorm                Conj/Ice       #######.     1%          4    None
 Iskenderun's Mystic Bla  Conj/Tloc      #######.     1%          4    None
 Olgreb's Toxic Radiance  Pois           ####....     1%          4    None
 Petrify                  Tmut/Erth      ######..     1%          4    None
 Excruciating Wounds      Chrm/Necr      ######....   1%          5    None
 Irradiate                Conj/Tmut      #######...   1%          5    None
 Lee's Rapid Deconstruct  Erth           ######....   1%          5    None
 Lightning Bolt           Conj/Air       #######...   1%          5    None
 Iron Shot                Conj/Erth      #######...   1%          6    None
 Orb of Destruction       Conj           ########..   1%          7    None
 Spellforged Servitor     Conj/Summ      #######...   1%          7    None
 Ice Form                 Ice/Tmut       ####....     5%          4    None
 Summon Ice Beast         Ice/Summ       ####....     5%          4    None
 Summon Lightning Spire   Summ/Air       ####....     5%          4    None
 Agony                    Necr           ####....     16%         5    None
 Alistair's Intoxication  Tmut/Pois      ####....     16%         5    None
 Aura of Abjuration       Summ           ####......   16%         5    None
 Blade Hands              Tmut           ####......   16%         5    None
 Eringya's Noxious Bog    Tmut/Pois      ####......   58%         6    None
 Invisibility             Hex            ####....     58%         6    None
 Shatter                  Erth           ######....   85%         9    None


Dungeon Overview and Level Annotations

Branches:
Dungeon (15/15)            Temple (1/1) D:4            Lair (6/6) D:9
 Shoals (4/4) Lair:4        Snake (4/4) Lair:3        Slime (0/5) Lair:5
    Orc (2/2) D:11            Elf (3/3) Orc:2        Vaults (5/5) D:13
  Crypt (0/3) Vaults:2     Depths (0/5) D:15        Volcano (visited)
Desolation (visited)      Gauntlet (visited)

Altars:
Ashenzari
Cheibriados
Dithmenos
Elyvilon
Fedhas
Gozag
Hepliaklqana
Kikubaaqudgha
Makhleb
Nemelex Xobeh
Okawaru
Qazlal
Ru
Sif Muna
Trog
Uskayaw
Vehumet
Wu Jian
Xom
Yredelemnul
Zin
The Shining One

Shops:
D:5 [   D:15 **   Orc:1 =   Orc:2 ?}*=   Elf:2 *   Shoals:2 :(*:   Snake:2 ==}
Vaults:4 }

Annotations:
Lair:6 exclusion: 4 oklob plants


Message History

Casting: Fire Storm (safe; 1% risk of failure)
Confirm with . or Enter, or press ? or * to list all spells.
Aiming: Lehudib's Crystal Spear (safe; 1% risk of failure)
Press: ? - help, Shift-Dir - straight line, f - fire giant
Aim: a fire giant, wielding a +2 great sword of flaming (flame, severely wounded)
Okay, then.
Okay, then.
Casting: Lehudib's Crystal Spear (safe; 1% risk of failure)
Confirm with . or Enter, or press ? or * to list all spells.
Okay, then.
Casting: Lehudib's Crystal Spear (safe; 1% risk of failure)
Confirm with . or Enter, or press ? or * to list all spells.
Aiming: Lehudib's Crystal Spear (safe; 1% risk of failure)
Press: ? - help, Shift-Dir - straight line, f - titan
Aim: a titan (flame, lightly wounded)
The crystal spear hits the titan!!!
The titan is heavily wounded.
The titan is engulfed in blazing flames.
The titan hits you!!!
You die...

#......#.........[.............
#......#....[))................
#......#...([))................
#......#...###'####............
#......#.).#.<....#...########.
########..(#......#...#......#.
########...#......#...[......#.
#......#)).#.☼°○..#...#......#.
#......'...#.☼@☼..#.[.#......#.
#.....)#...#.QCC..#...#......#.
#.....)#...#......#...#......#.
#......#...#......#...#).....#.
#......#...########)..#......#.
#......#..............########.
#......#..............)....[..[
########..............)......[)
##########'##########.....[.[.


You could see a titan, a fire giant and a tengu reaver.

Vanquished Creatures
  Saint Roka (Vaults:4)
  A golden dragon (Vaults:5)
  The ghost of Bioxkugh the Earth Mage, an adept GrEE of Vehumet (Vaults:1)
  A tentacled monstrosity (Vaults:5)
  Jorgrun (D:15)
  3 deep elf blademasters
  3 deep elf master archers (Elf:3)
  2 sphinxes (Vaults:5)
  A titan (Vaults:5)
  The ghost of Wuuwakh the Severer, an adept HONe of Kikubaaqudgha (Snake:2)
  3 shadow dragons
  The ghost of Losor the Fighter, an adept HuWz of Sif Muna (Snake:2)
  Kirke (Elf:1)
  Donald (Elf:1)
  2 tengu reavers
  10 nagarajas
  2 fire giants
  The ghost of Zaleyreum the Fighter, an adept OpWz of Kikubaaqudgha (Snake:1)
  8 deep elf sorcerers (Elf:3)
  2 frost giants (Vaults:5)
  An iron dragon (Vaults:5)
  5 deep elf elementalists (Elf:3)
  2 imperial myrmidons (Desolation)
  2 angels (Elf:2)
  An orc warlord (Orc:1)
  A balrug (Gauntlet)
  9 vault wardens
  9 ironheart preservers
  2 war gargoyles
  6 stone giants
  3 entropy weavers
  2 very ugly things (Vaults:5)
  3 deep elf demonologists (Elf:3)
  Azrael (D:15)
  11 deep elf annihilators
  A minotaur (Gauntlet)
  2 halazid warlocks (Desolation)
  5 dire elephants (Lair:6)
  2 merfolk javelineers
  A spectral titan (Vaults:1)
  A green death (Gauntlet)
  4 ettins
  6 merfolk impalers
  Snorg (Lair:3)
  3 fire dragons
  7 ragged hierophants (Desolation)
  5 deep elf death magi
  A crystal guardian (Desolation)
  18 naga warriors
  Erolcha (Orc:1)
  Fannar (Orc:1)
  6 yaktaur captains
  A deep elf high priest (Elf:3)
  Harold (D:9)
  An ice dragon (Vaults:4)
  3 great orbs of eyes
  2 spectral shadow dragons (Vaults:1)
  5 servants of whispers (Desolation)
  36 vault guards
  6 merfolk avatars
  5 hydras
  4 peacekeepers (Desolation)
  5 centaur warriors
  7 merfolk aquamancers
  An alligator snapping turtle (Shoals:4)
  A catoblepas (D:13)
  10 anacondas
  2 death knights
  The ghost of jestyr24 the Blocker, a novice DDFi of Ru (Orc:1)
  A queen ant (shapeshifter) (Vaults:5)
  44 two-headed ogres
  6 death yaks
  14 ogre magi
  3 deep troll earth magi
  A deep troll shaman (Vaults:4)
  25 dancing weapons
  3 tengu warriors (D:15)
  A queen ant (Lair:6)
  Urug (D:11)
  A satyr (Shoals:2)
  4 orc high priests
  7 shock serpents
  9 naga sharpshooters
  29 deep elf knights
  Sonja (Lair:6)
  2 shadow wraiths (Vaults:4)
  15 sea snakes
  An unseen horror (shapeshifter) (Vaults:1)
  A salamander mystic (Snake:3)
  A skeletal warrior (Vaults:1)
  3 unseen horrors
  16 deep trolls
  A death drake (shapeshifter) (Vaults:1)
  14 ironbrand convokers
  9 naga ritualists
  2 wizards
  Pikel (D:9)
  A phantasmal warrior (D:12)
  A lindwurm (Lair:1)
  17 deep elf archers
  16 orc knights
  15 harpies
  2 necromancers
  5 orc sorcerers
  A human zombie (Vaults:2)
  13 salamanders
  20 ugly things
  2 wolf spiders
  59 deep elf magi
  7 mana vipers
  10 fauns
  A shining eye (shapeshifter) (Vaults:1)
  13 cyclopes
  14 elephants
  Maurice (D:8)
  An oklob plant (Gauntlet)
  13 manticores
  23 black mambas
  6 merfolk sirens
  8 vault sentinels
  A black mamba (shapeshifter) (Elf:1)
  8 water nymphs
  A moth of wrath (Orc:1)
  23 naga magi
  5 guardian serpents
  7 centaur skeletons
  11 spiny frogs
  Maggie (D:9)
  A gargoyle (D:14)
  5 freezing wraiths
  An entropy weaver simulacrum (Vaults:1)
  11 yaktaurs
  7 komodo dragons
  A yaktaur skeleton (Vaults:2)
  27 merfolk
  A troll (shapeshifter) (D:13)
  A shadow dragon simulacrum (Vaults:1)
  9 trolls
  A polar bear (Lair:6)
  A hornet (D:10)
  Prince Ribbit (D:7)
  20 blink frogs
  5 wind drakes
  19 slime creatures
  42 saltlings (Desolation)
  10 snapping turtles
  10 dream sheep
  2 stone giant simulacra (Vaults:1)
  12 hippogriffs
  3 human simulacra
  A vampire (D:14)
  5 wraiths
  Eustachio (D:5)
  26 water elementals
  6 wyverns
  A shadow (D:15)
  A spectral human (Vaults:1)
  A human (D:5)
  4 fire elementals
  2 hogs (Elf:1)
  5 fire bats (Volcano)
  4 basilisks
  33 yaks
  A yaktaur simulacrum (Vaults:1)
  3 vampire mosquitoes (D:13)
  4 steam dragons (Volcano)
  2 hungry ghosts
  5 wargs
  14 soldier ants
  7 acid dragons
  34 nagas
  7 hell hounds
  4 porcupines
  12 water moccasins
  A soldier ant (shapeshifter) (Vaults:4)
  9 sky beasts
  4 black bears
  A slave (D:9)
  7 ice beasts
  56 orc warriors
  A black bear (shapeshifter) (Vaults:4)
  2 necrophages
  2 wolves (D:11)
  43 ogres
  26 centaurs
  2 big kobolds
  14 crocodiles
  10 bullfrogs
  Blork the orc (D:5)
  6 earth elementals
  3 scorpions
  24 killer bees
  11 wights
  5 howler monkeys
  A bullfrog zombie (D:5)
  12 jellies
  2 quasits
  2 centaur zombies
  4 crimson imps
  6 hounds
  A wyvern simulacrum (D:11)
  16 orc priests
  Crazy Yiuf (D:2)
  A bullfrog skeleton (D:5)
  4 gnoll shamans (D:9)
  2 iguanas
  Ijyb (D:5)
  A hell rat (D:7)
  32 orc wizards
  21 worker ants
  A hound skeleton (D:7)
  2 worker ant zombies
  15 gnolls
  10 adders
  6 river rats (D:7)
  2 shadow imps
  2 white imps (D:11)
  2 worker ant simulacra (D:11)
  8 oozes
  3 worms
  2 dart slugs
  5 leopard geckos
  88 orcs
  8 bats
  5 giant cockroaches
  7 goblins
  10 hobgoblins
  11 jackals
  11 kobolds
  A quokka (D:8)
  7 frilled lizards
  A giant cockroach zombie (D:5)
  A quokka zombie (D:9)
  23 rats
  5 crawling corpses
  A fire vortex (Vaults:2)
  4 plants
1731 creatures vanquished.

Vanquished Creatures (collateral kills)
  Asterion (Vaults:2)
  A deep elf master archer (Elf:3)
  A storm dragon (Vaults:5)
  A shadow dragon (Vaults:5)
  2 ironheart preservers (Vaults:4)
  2 deep elf high priests (Elf:3)
  A great orb of eyes (Vaults:2)
  A naga warrior (Snake:4)
  A small abomination (Elf:3)
  A sea snake (Shoals:4)
  An ironbrand convoker (Vaults:1)
  3 orc knights
  2 deep elf archers
  A mana viper (Snake:4)
  An ugly thing (Vaults:1)
  3 black mambas (Snake:4)
  2 slime creatures (Vaults:1)
  A steam dragon (shapeshifter) (Vaults:1)
  2 nagas (Snake:4)
  2 ogres
  An orc priest (Vaults:2)
  5 orcs
  4 crawling corpses (Elf:3)
40 creatures vanquished.

Vanquished Creatures (others)
  Frederick (Vaults:4)
  A yaktaur captain (Vaults:1)
  A hydra (Lair:5)
  A deep elf knight (Elf:2)
  A yak (Lair:4)
  A human (Elf:1)
  A steam dragon (Volcano)
  A slave (D:9)
  An ogre (Vaults:5)
  A bullfrog (D:9)
  8 demonic plants (Gauntlet)
  269 fire vortices
  11 foxfires
  21 fungi
  46 plants
  6 withered plants (Snake:2)
371 creatures vanquished.

Grand Total: 2142 creatures vanquished

Notes
Turn   | Place    | Note
-------+----------+-------------------------------------------
     0 | D:1      | relicbr the Deep Elf Conjurer began the quest for the Orb.
     0 | D:1      | Reached XP level 1. HP: 10/10 MP: 6/6
   304 | D:1      | Reached XP level 2. HP: 15/15 MP: 1/8
   312 | D:1      | Reached skill level 5 in Conjurations
  1157 | D:1      | Learned a level 2 spell: Searing Ray
  1450 | D:2      | Reached XP level 3. HP: 19/19 MP: 1/9
  1640 | D:2      | Found a runed translucent door.
  1641 | D:2      | Noticed Crazy Yiuf
  1742 | D:2      | Reached skill level 6 in Conjurations
  2039 | D:2      | Reached XP level 4. HP: 24/24 MP: 5/10
  2465 | D:2      | Killed Crazy Yiuf
  2641 | D:3      | Reached skill level 7 in Conjurations
  2641 | D:3      | Reached XP level 5. HP: 28/28 MP: 7/11
  2864 | D:3      | Noticed a sky beast
  2872 | D:3      | Killed a sky beast
  2872 | D:3      | Reached skill level 8 in Conjurations
  2872 | D:3      | Reached XP level 6. HP: 32/32 MP: 1/12
  3166 | D:3      | Found a sacrificial altar of Ru.
  3288 | D:3      | Found a radiant altar of Vehumet.
  3325 | D:3      | Became a worshipper of Vehumet
  3930 | D:4      | Found a staircase to the Ecumenical Temple.
  4016 | Temple   | Entered the Ecumenical Temple
  4374 | D:4      | Found a shadowy altar of Dithmenos.
  4649 | D:5      | Entered Level 5 of the Dungeon
  4649 | D:5      | Found a hide-covered altar of Uskayaw.
  4650 | D:5      | Noticed Blork the orc
  4656 | D:5      | Killed Blork the orc
  4656 | D:5      | Reached skill level 9 in Conjurations
  4715 | D:5      | Noticed Ijyb
  4721 | D:5      | Killed Ijyb
  4803 | D:5      | Found a runed translucent door.
  4803 | D:5      | Noticed a human
  4804 | D:5      | Noticed Eustachio
  4806 | D:5      | Noticed a sky beast
  4817 | D:5      | Killed Eustachio
  4817 | D:5      | Reached XP level 7. HP: 36/36 MP: 2/13
  4902 | D:5      | Found a basalt altar of Yredelemnul.
  4919 | D:5      | Killed a human
  4919 | D:5      | Reached skill level 10 in Conjurations
  5108 | D:5      | Reached * piety under Vehumet
  5108 | D:5      | Offered knowledge of Freeze by Vehumet.
  5256 | D:5      | Reached skill level 5 in Spellcasting
  5256 | D:5      | Reached XP level 8. HP: 41/41 MP: 7/17
  5503 | D:5      | Found Tenweid's Armour Emporium.
  5701 | D:5      | Found a burning altar of Makhleb.
  6176 | D:6      | Found a faded altar of an unknown god.
  6176 | D:6      | Found a sparkling altar of Nemelex Xobeh.
  6181 | D:6      | Found a stormy altar of Qazlal.
  6183 | D:6      | Found a faded altar of an unknown god.
  6188 | D:6      | Found an iron altar of Okawaru.
  6382 | D:6      | Found a bloodstained altar of Trog.
  6609 | D:6      | Reached skill level 10 in Spellcasting
  6688 | D:7      | Reached XP level 9. HP: 31/46 MP: 22/25
  6821 | D:7      | Reached skill level 1 in Fighting
  6821 | D:7      | Reached skill level 1 in Shields
  7048 | D:7      | Noticed Prince Ribbit
  7057 | D:7      | Killed Prince Ribbit
  7116 | D:7      | Found a hazy altar of Hepliaklqana.
  7310 | D:7      | Offered knowledge of Foxfire by Vehumet.
  7315 | D:7      | Reached ** piety under Vehumet
  7326 | D:7      | Learned a level 1 spell: Foxfire
  7333 | D:7      | Reached skill level 5 in Dodging
  7373 | D:7      | Found the +2 ratskin cloak {+Rats rPois rN+ Str-1 Int-1
                  | Dex+1}
  8120 | D:8      | Noticed Maurice
  8309 | D:8      | Killed Maurice
  8370 | D:8      | Reached XP level 10. HP: 56/56 MP: 10/26
  8412 | D:8      | Offered knowledge of Mephitic Cloud by Vehumet.
  8499 | D:8      | Learned a level 3 spell: Mephitic Cloud
  8720 | D:8      | Reached skill level 1 in Fire Magic
  8842 | D:8      | Reached *** piety under Vehumet
  9461 | D:9      | Noticed Maggie
  9469 | D:9      | Killed Maggie
  9500 | D:9      | Offered knowledge of Inner Flame by Vehumet.
  9515 | D:9      | Noticed Harold
  9572 | D:9      | Reached skill level 5 in Fighting
  9907 | D:9      | Reached **** piety under Vehumet
 10036 | D:9      | Noticed a two-headed ogre
 10053 | D:9      | Killed a two-headed ogre
 10053 | D:9      | Reached skill level 5 in Fire Magic
 10140 | D:9      | Found a staircase to the Lair.
 10170 | D:9      | Noticed Pikel
 10189 | D:9      | Killed Pikel
 10189 | D:9      | Reached XP level 11. HP: 64/64 MP: 17/27
 10221 | D:9      | Offered knowledge of Airstrike by Vehumet.
 10534 | D:9      | Killed Harold
 11062 | D:9      | Learned a level 7 spell: Ring of Flames
 11133 | D:10     | Entered Level 10 of the Dungeon
 11341 | D:10     | Reached skill level 10 in Dodging
 11885 | D:10     | Reached ***** piety under Vehumet
 11886 | D:10     | Offered knowledge of Iskenderun's Battlesphere by Vehumet.
 11896 | D:10     | Learned a level 5 spell: Iskenderun's Battlesphere
 11995 | D:10     | Reached skill level 1 in Charms
 12140 | Lair:1   | Entered Level 1 of the Lair of Beasts
 12195 | Lair:1   | Noticed a lindwurm
 12196 | Lair:1   | Found a dark tunnel.
 12202 | Lair:1   | Killed a lindwurm
 12252 | Volcano  | Entered a volcano
 12535 | Volcano  | Reached skill level 5 in Charms
 12815 | Volcano  | Noticed a fire dragon
 12878 | Volcano  | Killed a fire dragon
 12878 | Volcano  | Reached XP level 12. HP: 69/70 MP: 13/28
 13420 | Lair:1   | Reached skill level 10 in Fire Magic
 13750 | Lair:1   | Reached skill level 10 in Charms
 14519 | Lair:2   | Noticed a five-headed hydra
 14524 | Lair:2   | Noticed an eight-headed hydra
 14532 | Lair:2   | Killed a five-headed hydra
 14532 | Lair:2   | Reached skill level 11 in Conjurations
 14623 | Lair:2   | Killed an eight-headed hydra
 15801 | Lair:3   | Noticed Snorg
 15810 | Lair:3   | Killed Snorg
 15956 | Lair:3   | Reached skill level 12 in Conjurations
 15968 | Lair:3   | Found a staircase to the Snake Pit.
 16040 | Lair:3   | Offered knowledge of Lee's Rapid Deconstruction by Vehumet.
 16134 | Lair:3   | Noticed an eight-headed hydra
 16141 | Lair:3   | Killed an eight-headed hydra
 16146 | Lair:3   | Reached XP level 13. HP: 59/74 MP: 11/32
 16723 | Lair:3   | Learned a level 1 spell: Summon Butterflies
 16789 | Lair:4   | Found a staircase to the Shoals.
 17358 | Lair:5   | Found a gate leading to a gauntlet.
 17369 | Gauntlet | Entered a Gauntlet
 17369 | Gauntlet | Found a transporter.
 17369 | Gauntlet | Found a transporter.
 17370 | Gauntlet | Found a transporter.
 17374 | Gauntlet | Found a transporter.
 17383 | Gauntlet | Noticed a green death
 17384 | Gauntlet | Found a transporter.
 17388 | Gauntlet | Found a transporter.
 17389 | Gauntlet | Found a transporter.
 17389 | Gauntlet | Found a transporter.
 17389 | Gauntlet | Found a transporter.
 17396 | Gauntlet | Noticed a balrug
 17421 | Gauntlet | Found a transporter.
 17426 | Gauntlet | Found a transporter.
 17426 | Gauntlet | Noticed a green death
 17525 | Gauntlet | Found a transporter.
 17663 | Gauntlet | Got a translucent granite ring
 17666 | Gauntlet | Identified the ring "Kimiu" {Wiz rF+ Str+2} (You found it
                  | in a Gauntlet)
 17717 | Gauntlet | Killed a balrug
 17735 | Gauntlet | Got a pair of slimy boots
 17751 | Gauntlet | Identified the +2 pair of boots of the Armadillo {MR- Str+4
                  | Dex+2} (You found it in a Gauntlet)
 17841 | Gauntlet | Killed a green death
 17841 | Gauntlet | Reached skill level 13 in Conjurations
 17868 | Gauntlet | Got a pair of polished boots
 17879 | Gauntlet | Identified the cursed -3 pair of boots of the Country
                  | {rPois Dex+2} (You found it in a Gauntlet)
 17914 | Gauntlet | Identified the +1 war axe "Murmur" {flame, -Tele rElec MP+9
                  | Str+4 Int+3}
 17914 | Gauntlet | Noticed a minotaur
 17923 | Gauntlet | HP: 1/74 [minotaur/the +1 war axe "Murmur" {flame, -Tele
                  | rElec MP+9 Str+4 Int+3} (5)]
 17927 | Gauntlet | Killed a minotaur
 18362 | Lair:5   | Got a slimy mace
 18363 | Lair:5   | Identified the +2 mace of Deflation {freeze, Str+2 Stlth+}
                  | (You found it on level 5 of the Lair of Beasts)
 18451 | Lair:5   | Reached skill level 15 in Spellcasting
 18472 | Lair:5   | Found a staircase to the Slime Pits.
 19086 | Lair:6   | Entered Level 6 of the Lair of Beasts
 19249 | Lair:6   | Got a transparent flail
 19250 | Lair:6   | Identified the +10 flail "Momnorow" {vorpal, *Contam rElec
                  | rC+ Int+3} (You found it on level 6 of the Lair of Beasts)
 19500 | Lair:6   | Noticed Sonja
 19510 | Lair:6   | Killed Sonja
 19571 | Lair:6   | Reached skill level 14 in Conjurations
 19692 | Lair:6   | Offered knowledge of Fireball by Vehumet.
 19789 | Lair:6   | Learned a level 5 spell: Fireball
 19811 | Lair:6   | Reached XP level 14. HP: 61/80 MP: 24/36
 20019 | Lair:6   | Noticed an entropy weaver
 20312 | Lair:6   | Killed an entropy weaver
 20312 | Lair:6   | Reached skill level 15 in Conjurations
 21660 | Lair:6   | Reached skill level 16 in Conjurations
 22273 | D:11     | Found a staircase to the Orcish Mines.
 22485 | D:11     | Noticed Urug
 22491 | D:11     | Killed Urug
 22618 | D:11     | Offered knowledge of Yara's Violent Unravelling by Vehumet.
 23118 | D:12     | Reached skill level 17 in Conjurations
 23999 | Orc:1    | Entered Level 1 of the Orcish Mines
 24035 | Orc:1    | Noticed jestyr24's ghost (novice DDFi)
 24036 | Orc:1    | Identified the +6 great sword "Ceanuo" {antimagic, *Rage
                  | MR+ MP+9 Int+4}
 24037 | Orc:1    | Found a bloodstained altar of Trog.
 24044 | Orc:1    | Found a transporter.
 24052 | Orc:1    | Found a transporter.
 24163 | Orc:1    | Found Inaf's Jewellery Shoppe.
 24172 | Orc:1    | Bought an uncursed ring of magical power for 280 gold
                  | pieces
 24382 | Orc:1    | Noticed Fannar
 24386 | Orc:1    | Killed Fannar
 24487 | Orc:2    | Entered Level 2 of the Orcish Mines
 24777 | Orc:2    | Noticed an orc warlord
 24785 | Orc:2    | Noticed Erolcha
 24959 | Orc:1    | Killed an orc warlord
 24964 | Orc:1    | Reached skill level 18 in Conjurations
 24964 | Orc:1    | Reached XP level 15. HP: 40/84 MP: 20/37
 25340 | Orc:1    | Killed Erolcha
 25912 | Orc:2    | Found a staircase to the Elven Halls.
 26160 | Orc:2    | Reached ****** piety under Vehumet
 26209 | Orc:2    | Offered knowledge of Orb of Destruction by Vehumet.
 26311 | Orc:2    | Found Xeyfuyh's Gadget Boutique.
 26311 | Orc:2    | Found Moifu's Magic Scroll Boutique.
 26312 | Orc:2    | Found Piughasm's Jewellery Shoppe.
 26318 | Orc:2    | Found Tarch's General Store.
 26337 | Orc:2    | Bought the ring "Hehuoj" {rElec Str-5 Int+3 Dex+4} for 441
                  | gold pieces
 26376 | Orc:2    | Bought a scroll of identify for 22 gold pieces
 26376 | Orc:2    | Bought a scroll of magic mapping for 38 gold pieces
 26376 | Orc:2    | Bought a scroll of magic mapping for 38 gold pieces
 26376 | Orc:2    | Bought a scroll of remove curse for 33 gold pieces
 26376 | Orc:2    | Bought a scroll of identify for 22 gold pieces
 26376 | Orc:2    | Bought a scroll of teleportation for 33 gold pieces
 26376 | Orc:2    | Bought a scroll of acquirement for 572 gold pieces
 26376 | Orc:2    | Bought a scroll of identify for 22 gold pieces
 26376 | Orc:2    | Bought a scroll of teleportation for 33 gold pieces
 26376 | Orc:2    | Bought a scroll of teleportation for 33 gold pieces
 26379 | Orc:2    | Bought a scroll of magic mapping for 49 gold pieces
 26379 | Orc:2    | Bought a ration for 70 gold pieces
 26387 | Orc:2    | Learned a level 7 spell: Orb of Destruction
 26586 | Lair:2   | Identified the +4 longbow of the Evil Eye {venom, rN+} (You
                  | acquired it on level 2 of the Lair of Beasts)
 26586 | Lair:2   | Identified a +2 pair of boots of running (You acquired it
                  | on level 2 of the Lair of Beasts)
 26799 | Lair:2   | Identified the +2 pair of boots "Zaonepre" {*Drain rN+ MR+
                  | Str+3} (You acquired it on level 2 of the Lair of Beasts)
 26979 | Orc:1    | Reached skill level 19 in Conjurations
 26979 | Orc:1    | Killed jestyr24's ghost
 27158 | D:13     | Found a gate to the Vaults.
 27567 | D:13     | Found a sparkling altar of Nemelex Xobeh.
 28411 | D:14     | Reached skill level 20 in Conjurations
 29302 | D:15     | Entered Level 15 of the Dungeon
 29328 | D:15     | Offered knowledge of Starburst by Vehumet.
 29523 | D:15     | Found a staircase to the Depths.
 29751 | D:15     | Found Foemah's Mass Market.
 29769 | D:15     | Reached XP level 16. HP: 66/88 MP: 23/38
 29988 | D:15     | Noticed Jorgrun
 30005 | D:15     | Killed Jorgrun
 30050 | D:15     | Found Qeariygeyf's Assorted Antiques.
 30055 | D:15     | Bought a scroll of identify for 50 gold pieces
 30055 | D:15     | Bought a scroll labeled ONY COFETE for 25 gold pieces
 30291 | D:15     | Noticed Azrael
 30487 | D:15     | Learned a level 6 spell: Freezing Cloud
 30912 | D:15     | Learned a level 2 spell: Swiftness
 30937 | D:15     | Killed Azrael
 31316 | Snake:1  | Entered Level 1 of the Snake Pit
 32674 | Snake:1  | Found a runed translucent door.
 32675 | Snake:1  | Found a shimmering altar of Xom.
 32675 | Snake:1  | Noticed Zaleyreum's ghost (adept OpWz)
 32675 | Snake:1  | Identified the cursed +0 war axe of Rurout {chaos, MR+
                  | Int+4}
 32878 | Snake:1  | Killed Zaleyreum's ghost
 33462 | Snake:2  | Reached skill level 15 in Fire Magic
 33854 | Snake:2  | Found Xarych's Jewellery Boutique.
 33855 | Snake:2  | Found Wuleyrotz's Gadget Shoppe.
 33856 | Snake:2  | Found Qojuar's Jewellery Boutique.
 33952 | Snake:2  | Found a runed translucent gate.
 33952 | Snake:2  | Found a runed translucent gate.
 33952 | Snake:2  | Found a runed translucent gate.
 33953 | Snake:2  | Noticed Wuuwakh's ghost (adept HONe)
 33954 | Snake:2  | Noticed Losor's ghost (adept HuWz)
 34062 | Snake:2  | Killed Wuuwakh's ghost
 34112 | Snake:2  | Killed Losor's ghost
 34157 | Snake:2  | Got a pair of shimmering gloves
 34168 | Snake:2  | Identified the +0 pair of gloves "Norchawk" {-Tele rPois
                  | rF+ rCorr} (You found it on level 2 of the Snake Pit)
 34595 | Snake:3  | Reached XP level 17. HP: 84/93 MP: 23/39
 34681 | Snake:3  | Offered knowledge of Conjure Ball Lightning by Vehumet.
 35102 | Shoals:1 | Entered Level 1 of the Shoals
 36795 | Shoals:2 | Offered knowledge of Lehudib's Crystal Spear by Vehumet.
 36795 | Shoals:2 | Offered knowledge of Fire Storm by Vehumet.
 36795 | Shoals:2 | Offered knowledge of Tornado by Vehumet.
 36940 | Shoals:2 | Found Ricegoch's Antique Weapon Emporium.
 36943 | Shoals:2 | Found Vemioc's General Store.
 36952 | Shoals:2 | Bought a potion of haste for 110 gold pieces
 36952 | Shoals:2 | Bought a scroll of remove curse for 33 gold pieces
 37046 | Shoals:2 | Found Eri Nomurgh's Book Emporium.
 37394 | Shoals:2 | Found Xepnik's Book Boutique.
 37426 | Shoals:2 | Learned a level 9 spell: Fire Storm
 38901 | Elf:1    | Entered Level 1 of the Elven Halls
 38910 | Elf:1    | Noticed Donald
 39091 | Elf:1    | Killed Donald
 39351 | Elf:1    | Noticed Kirke
 39366 | Elf:1    | Killed Kirke
 40015 | Elf:1    | Identified Natapruomn's Disquisition on Confrontation
 40482 | Elf:2    | Reached XP level 18. HP: 95/101 MP: 34/40
 40590 | Elf:2    | Found Higgioso's Assorted Antiques.
 40707 | Elf:2    | Found a ruined gateway.
 40709 | Elf:2    | Found a white marble altar of Elyvilon.
 40709 | Elf:2    | Found a glowing golden altar of the Shining One.
 40710 | Elf:2    | Found a glowing silver altar of Zin.
 40712 | Desolati | Entered the Desolation of Salt
 41408 | Desolati | Identified the Reference Book on Flamy Changing
 41417 | Desolati | Identified the Papyrus of Cloudy Evil
 41975 | Desolati | Got a twitching granite ring
 42329 | Desolati | Learned a level 8 spell: Lehudib's Crystal Spear
 42985 | Desolati | Got a scorched pewter amulet
 42993 | Desolati | Got a bone mace
 43347 | Elf:2    | Identified the ring of Ofaicap {rElec rF+ MP+9} (You found
                  | it in the Desolation of Salt)
 43351 | Elf:2    | Identified the amulet "Fepupof" {Regen+ Str+4 Int-4 Dex+5}
                  | (You found it in the Desolation of Salt)
 43475 | Elf:2    | Bought a scroll of magic mapping for 101 gold pieces
 43475 | Elf:2    | Bought a scroll of blinking for 217 gold pieces
 43475 | Elf:2    | Bought a potion of curing for 87 gold pieces
 43475 | Elf:2    | Bought a scroll of identify for 58 gold pieces
 43475 | Elf:2    | Bought 2 scrolls of enchant armour for 435 gold pieces
 43475 | Elf:2    | Bought a scroll of identify for 58 gold pieces
 43667 | Elf:2    | Found a runed translucent gate.
 43667 | Elf:2    | Found a runed translucent gate.
 43668 | Elf:2    | Found a runed translucent gate.
 44791 | Elf:3    | Entered Level 3 of the Elven Halls
 44866 | Elf:3    | Found a radiant altar of Vehumet.
 45300 | Elf:3    | Reached XP level 19. HP: 99/105 MP: 38/45
 45383 | Elf:3    | Reached skill level 21 in Conjurations
 45584 | Elf:3    | Identified the +8 broad axe "Adijuar" {freeze, Str+6 Int-4
                  | SInv}
 45738 | Elf:3    | Reached skill level 22 in Conjurations
 46113 | Elf:3    | Identified the +2 scale mail of Kleptomania {rCorr}
 46934 | Snake:4  | Entered Level 4 of the Snake Pit
 47142 | Snake:4  | Reached skill level 23 in Conjurations
 47150 | Snake:4  | Reached XP level 20. HP: 105/111 MP: 43/46
 47166 | Snake:4  | Reached skill level 1 in Earth Magic
 47278 | Snake:4  | Got a serpentine rune of Zot
 48391 | Elf:3    | Got shimmering gold dragon scales
 48434 | Elf:3    | Identified the +5 gold dragon scales "Kiwuvin" {rPois rF+
                  | rC+ rCorr} (You found it on level 3 of the Elven Halls)
 48469 | Elf:3    | Got a crystal hand crossbow
 48828 | Shoals:4 | Entered Level 4 of the Shoals
 48844 | Shoals:4 | Reached skill level 5 in Earth Magic
 49649 | Shoals:4 | Got a barnacled rune of Zot
 50095 | Shoals:4 | Got a translucent cloak
 50106 | Shoals:4 | Identified the cursed -1 cloak of the Desert {rPois rF+}
                  | (You found it on level 4 of the Shoals)
 50162 | Shoals:4 | Identified the Disquisition on Noxious Companions
 50598 | Shoals:2 | Bought a book of the Tempests for 1260 gold pieces
 50607 | Shoals:2 | Learned a level 8 spell: Ignition
 50804 | Vaults:1 | Entered Level 1 of the Vaults
 50808 | Vaults:1 | Found a glowing golden altar of the Shining One.
 51046 | Vaults:1 | Reached skill level 10 in Fighting
 51937 | Vaults:1 | Identified the +11 flail of World's End {drain, *Contam
                  | rElec Stlth+}
 52386 | Vaults:1 | Reached XP level 21. HP: 117/124 MP: 18/47
 52576 | Vaults:1 | Got a translucent cloak
 52577 | Vaults:1 | Identified the +1 cloak "Ciguuzoc" {Str+3 Dex+2} (You found
                  | it on level 1 of the Vaults)
 52716 | Vaults:1 | Got a shimmering golden ring
 52865 | Vaults:1 | Found a runed translucent gate.
 52866 | Vaults:1 | Found a runed translucent gate.
 52866 | Vaults:1 | Found a runed translucent gate.
 52867 | Vaults:1 | Noticed Bioxkugh's ghost (adept GrEE)
 52868 | Vaults:1 | Found the +10 morningstar "Eos" {elec, Halo rElec}
 52882 | Vaults:1 | Killed Bioxkugh's ghost
 53603 | Vaults:2 | Noticed Asterion
 53606 | Vaults:2 | Killed Asterion
 54459 | Vaults:2 | Found a staircase to the Crypt.
 54459 | Vaults:2 | Found a basalt altar of Yredelemnul.
 54465 | Vaults:2 | Found an ancient bone altar of Kikubaaqudgha.
 54484 | Vaults:2 | You fall into a shaft and drop 2 floors!
 54518 | Vaults:4 | Reached skill level 10 in Earth Magic
 55527 | Vaults:4 | Found Buclyde's Gadget Shoppe.
 55800 | Vaults:4 | Noticed Saint Roka
 55805 | Vaults:4 | Killed Saint Roka
 56126 | Vaults:4 | Noticed Frederick
 56130 | Vaults:4 | Killed Frederick
 56563 | Vaults:5 | Entered Level 5 of the Vaults
 56564 | Vaults:5 | Reached skill level 1 in Evocations
 56564 | Vaults:5 | Reached XP level 22. HP: 130/130 MP: 48/48
 56564 | Vaults:5 | Reached skill level 5 in Evocations
 56808 | Vaults:5 | Reached skill level 10 in Evocations
 56834 | Vaults:5 | Noticed a golden dragon
 56839 | Vaults:5 | Killed a golden dragon
 56856 | Vaults:5 | Noticed a golden dragon
 56856 | Vaults:5 | Identified the +7 rapier of Jusekin {freeze, rF++ rN+
                  | Int+2}
 57253 | Vaults:4 | Identified the ring "Vopteiw" {Ice rElec SInv} (You found
                  | it on level 1 of the Vaults)
 57879 | Vaults:4 | Mangled by a titan

Levels and vault maps discovered:
D:1:      matt_arrival_los_fun, layout_basic, serial_forest,
          infiniplex_forest_clump_long, infiniplex_forest_diagonal,
          infiniplex_forest_clump_medium, infiniplex_forest_straight_4,
          minmay_vboxes
D:2:      layout_loops_cross, uniq_crazy_yiuf_cottage
D:3:      layout_basic, overflow_temple_1_default, lemuel_crystal_altar
D:4:      layout_cave_pools, nicolae_dithmenos_the_darkroom,
          lemuel_temple_firewalk_a, first_ration, kennysheep_another_room,
          minmay_goblin_outpost
D:5:      kennysheep_six_static_rooms, layout_loops_ring,
          eat_drink_and_be_merry_uskayaw, makhleb_heckhound_becter,
          serial_shops, shop, dk_yredelemnul_ordeal, uniq_eustachio,
          uniq_blork_the_orc, uniq_ijyb
D:6:      layout_cave_pools, chequers_temple_overflow_minitemple, trog_book
D:7:      wander_guarded_unrand_ratskin, layout_basic,
          lemuel_coloured_pillars_altar, st_stairs_9, lightli_minifort,
          uniq_prince_ribbit1
D:8:      layout_gridville, uniq_maurice
D:9:      kennysheep_seaside_town, layout_rooms, lair_entry_dummy, uniq_pikel,
          uniq_maggie, uniq_harold
D:10:     layout_basic, hangedman_little_slice_of_home, minmay_misc_feat_encased
D:11:     layout_basic, orc_0_dummy, serial_ice, serial_ice_c, serial_ice_h,
          serial_ice_f, serial_ice_b, serial_ice_d, serial_ice_o, serial_ice_j,
          uniq_urug
D:12:     layout_small_grid
D:13:     layout_stronghold, lightli_vaults_fourway_checkpoint,
          nemelex_xobeh_ov_fountains_minmay
D:14:     layout_stronghold, hangedman_decor_clover_reticule
D:15:     hangedman_depths_entry_civil_slaughter, layout_long_grid,
          serial_shops, shop, minmay_shop_mass, uniq_jorgrun, uniq_azrael
Temple:   oiseaux_autumnal_temple
Lair:1:   layout_regular_city, nicolae_volcano_entry_vermiform,
          grunt_megastairs_1, serial_bayou_shore_b, infiniplex_staircase_pool,
          lemuel_fruit_tree
Lair:2:   layout_layer_cave
Lair:3:   layout_regular_city, guppyfry_snake_entry_island,
          serial_bayou_shore_a, lemuel_fruit_fields, uniq_snorg
Lair:4:   layout_cave_shapes, shoals_dummy_entry
Lair:5:   layout_regular_city, nicolae_slime_entry_slimehenge,
          gauntlet_entry_generic
Lair:6:   due_jungle_book, layout_small_grid, zaba_antful_of_joy,
          serial_bayou_shore_b, minmay_lair_oklob_chamber, uniq_sonja
Shoals:1: layout_shoals
Shoals:2: layout_shoals, serial_shops, nicolae_shop_stone, shop,
          nicolae_shop_crystal, nicolae_shop_behind_doors,
          nicolae_shoals_hunting_party
Shoals:3: layout_shoals
Shoals:4: shoals_end_hangedman, layout_shoals
Snake:1:  layout_layer_cave, ebering_ghost_xom
Snake:2:  layout_cave_shapes, gammafunk_ghost_cemetery, nicolae_snake_shapes,
          serial_bayou_shore_b, minmay_shop_grove
Snake:3:  layout_cave_shapes
Snake:4:  snake_pit, layout_misc_corridors
Orc:1:    layout_caves, serial_shops, nicolae_shop_stone,
          gammafunk_ghost_wrathful_warriors, uniq_fannar
Orc:2:    st_orc_elflike, layout_caves, uniq_erolcha
Elf:1:    layout_loops_cross, minmay_elf_annihilation, uniq_kirke, uniq_donald
Elf:2:    layout_loops_ring, portal_desolation_entry_holy_temple, serial_shops,
          shop
Elf:3:    minmay_elf_hall_furrowed, layout_geoelf_octagon, basic_altar,
          drop_trap
Vaults:1: gammafunk_vaults_ghost_necromancy, v_pattern_1,
          nicolae_vaults_sealed_display, nicolae_vaults_windows_and_doors_thing,
          vaults_room_guarded_vault, nicolae_vaults_rhombus_6,
          nicolae_vaults_bisected_exclaves, vaults_standard_mumra_x,
          hangedman_vaults_maws, vaults_dpeg_ring, layout_vaults_chaotic_city,
          basic_altar
Vaults:2: nicolae_vaults_little_squares_4, minmay_crypt_entry_necro_gods,
          nicolae_vaults_branching_niches, grunt_vaults_twisty,
          hangedman_vaults_locks, v_misc_2, v_misc_12, ontoclasm_vaults_hangar,
          ontoclasm_vaults_chip, vaults_room_ringed_pool, ontoclasm_vaults_spin,
          vaults_room_pool, layout_vaults_ring, serial_shops, shop, shop,
          nicolae_shop_trees, shop, uniq_asterion
Vaults:4: nicolae_vaults_triangles, v_rooms_2, vaults_standard_mumra_lines,
          nicolae_vaults_alarming, v_misc_33, hangedman_vaults_unwind,
          nicolae_vaults_asterisk, grunt_vaults_hallway_short, v_misc_24,
          hangedman_vaults_stretched_pinwheel, vaults_room_door_ring,
          nicolae_vaults_little_ls, layout_vaults_omnicross, serial_shops, shop,
          uniq_frederick, uniq_saint_roka
Vaults:5: serial_shops

Skill      XL: |  1  2  3  4  5  6  7  8  9 10 11 12 13 14 15 16 17 18 19 20 21 22 |
---------------+-------------------------------------------------------------------+-----
Conjurations   | 5 6 7 8 9 10 12 14 18 20 23 | 23.2
Spellcasting   | 5 10 13 16 20 | 20.0
Dodging        | 6 9 10 | 10.0
Fighting       | 3 5 6 7 11 | 11.0
Shields        | 3 4 |  4.0
Fire Magic     | 5 9 10 11 16 19 20 22 | 22.4
Charms         | 7 10 | 10.1
Earth Magic    | 5 10 | 10.0
Evocations     | 4 13 | 13.5
Stealth        | |  2.4
Ice Magic      | |  0.3

Action                   |  1- 3 |  4- 6 |  7- 9 | 10-12 | 13-15 | 16-18 | 19-21 | 22-24 || total
-------------------------+-------+-------+-------+-------+-------+-------+-------+-------++-------
Melee: Unarmed           |    10 |       |       |       |       |       |       |       ||    10
       Short sword       |       |     9 |    18 |    31 |       |       |       |       ||    58
       Quick blade       |       |       |       |    30 |     8 |       |       |       ||    38
       Flail             |       |       |       |       |    21 |       |       |       ||    21
       Staff             |       |       |       |       |     2 |    11 |    12 |     2 ||    27
 Cast: Magic Dart        |    61 |    79 |    66 |   102 |   326 |   341 |    81 |       ||  1056
       Searing Ray       |     6 |    18 |    60 |   164 |   191 |   115 |    43 |     4 ||   601
       Mephitic Cloud    |       |       |       |    10 |       |       |       |       ||    10
       Foxfire           |       |       |       |     6 |       |       |       |       ||     6
       Iskenderun's Batt |       |       |       |    29 |   119 |   119 |    30 |       ||   297
       Summon Butterflie |       |       |       |       |     1 |       |       |       ||     1
       Fireball          |       |       |       |       |   137 |   182 |     1 |       ||   320
       Orb of Destructio |       |       |       |       |     7 |    99 |    23 |       ||   129
       Ring of Flames    |       |       |       |       |     1 |     8 |     9 |     7 ||    25
       Freezing Cloud    |       |       |       |       |       |    13 |     6 |       ||    19
       Swiftness         |       |       |       |       |       |     7 |     3 |     1 ||    11
       Fire Storm        |       |       |       |       |       |     1 |   247 |    31 ||   279
       Lehudib's Crystal |       |       |       |       |       |       |    40 |    15 ||    55
       Ignition          |       |       |       |       |       |       |     2 |    10 ||    12
 Abil: Evoke Flight      |       |       |       |     2 |       |       |       |       ||     2
Evoke: Wand              |       |       |     1 |       |     3 |     6 |       |       ||    10
       Crystal ball of e |       |       |       |       |       |       |       |     7 ||     7
       Staff of energy   |       |       |       |       |       |       |       |     1 ||     1
  Use: Scroll            |       |       |       |    18 |    18 |    23 |     7 |     7 ||    73
       Potion            |       |       |       |       |     4 |     3 |     1 |     6 ||    14
 Stab: Sleeping          |       |       |     3 |       |     2 |       |       |       ||     5
       Confused          |       |       |       |     2 |       |       |       |       ||     2
  Eat: Chunk             |     3 |     9 |    11 |    21 |    32 |    30 |    27 |       ||   133
       Ration            |       |       |       |     2 |     3 |     5 |     3 |     1 ||    14
Armor: Robe              |     2 |       |       |       |       |       |       |       ||     2
       Leather armour    |     3 |     6 |    15 |    16 |       |       |       |       ||    40
       Steam dragon scal |       |       |       |    38 |    63 |   117 |    27 |    15 ||   260
Dodge: Dodged            |     8 |    12 |    36 |   251 |   370 |   324 |    83 |    40 ||  1124
Block: Buckler           |       |       |     8 |    60 |    82 |    99 |    38 |    22 ||   309
       Reflection        |       |       |       |       |       |       |     7 |     3 ||    10
       Other             |       |       |       |       |       |       |     3 |       ||     3

Table legend:
 A = Non-vault XP
 B = Vault XP
 C = Vault XP percentage of total XP
 D = Non-vault monster count
 E = Vault monster count
 F = Vault count percentage of total count
                 A         B        C        D         E       F
            +---------+---------+-------+---------+---------+-------
      Total |  412072 |  404167 |  49.5 |    1111 |     649 |  36.9
            +---------+---------+-------+---------+---------+-------
        D:1 |      28 |       3 |   9.7 |      15 |       3 |  16.7
        D:2 |      79 |      41 |  34.2 |      24 |       1 |   4.0
        D:3 |     296 |       0 |   0.0 |      29 |       0 |   0.0
        D:4 |     132 |      10 |   7.0 |       9 |       5 |  35.7
        D:5 |     416 |     829 |  66.6 |      11 |      10 |  47.6
        D:6 |     627 |     243 |  27.9 |      10 |       2 |  16.7
        D:7 |    1237 |     725 |  37.0 |      21 |      27 |  56.2
        D:8 |    1257 |     516 |  29.1 |      28 |       1 |   3.4
        D:9 |    3234 |    3391 |  51.2 |      36 |      27 |  42.9
       D:10 |    2619 |     159 |   5.7 |      24 |       8 |  25.0
       D:11 |    4875 |    2865 |  37.0 |      39 |      14 |  26.4
       D:12 |    6507 |       0 |   0.0 |      26 |       0 |   0.0
       D:13 |    5971 |    5391 |  47.4 |      28 |      12 |  30.0
       D:14 |   10845 |       0 |   0.0 |      38 |       0 |   0.0
       D:15 |    8347 |   11100 |  57.1 |      23 |      16 |  41.0
     Lair:1 |    2899 |    1427 |  33.0 |      11 |       4 |  26.7
     Lair:2 |    6518 |       0 |   0.0 |      16 |       0 |   0.0
     Lair:3 |    3764 |    1773 |  32.0 |      11 |       5 |  31.2
     Lair:4 |    5905 |       0 |   0.0 |      23 |       0 |   0.0
     Lair:5 |    5552 |     112 |   2.0 |      14 |       5 |  26.3
     Lair:6 |   17157 |    9741 |  36.2 |      38 |      38 |  50.0
   Shoals:1 |   16929 |       0 |   0.0 |      36 |       0 |   0.0
   Shoals:2 |   14052 |    2332 |  14.2 |      30 |       2 |   6.2
   Shoals:3 |   11404 |       0 |   0.0 |      25 |       0 |   0.0
   Shoals:4 |   18315 |   20069 |  52.3 |      44 |      33 |  42.9
    Snake:1 |   13307 |    2645 |  16.6 |      26 |       2 |   7.1
    Snake:2 |   19595 |    9210 |  32.0 |      30 |      10 |  25.0
    Snake:3 |   11233 |       0 |   0.0 |      16 |       0 |   0.0
    Snake:4 |   19890 |   29015 |  59.3 |      36 |      44 |  55.0
      Orc:1 |    8257 |    5721 |  40.9 |      39 |      11 |  22.0
      Orc:2 |    4056 |    8453 |  67.6 |      40 |      25 |  38.5
      Elf:1 |   15110 |   10059 |  40.0 |      27 |      12 |  30.8
      Elf:2 |   15253 |   28074 |  64.8 |      25 |      31 |  55.4
      Elf:3 |   16759 |   50150 |  75.0 |      32 |      32 |  50.0
   Vaults:1 |   40488 |   34683 |  46.1 |      86 |      49 |  36.3
   Vaults:2 |   21484 |   11081 |  34.0 |      38 |      18 |  32.1
   Vaults:4 |   36020 |   35709 |  49.8 |      52 |      44 |  45.8
   Vaults:5 |   41655 |   69975 |  62.7 |      55 |      53 |  49.1
    Volcano |       0 |    6019 | 100.0 |       0 |      28 | 100.0
 Desolation |       0 |   37527 | 100.0 |       0 |      69 | 100.0
   Gauntlet |       0 |    5119 | 100.0 |       0 |       8 | 100.0
            +---------+---------+-------+---------+---------+-------
